 Dungeon Crawl Stone Soup version 0.22-a0-456-g11ed031 (webtiles) character file.

154 pk666 the Magician (level 5, 0/28 HPs)
             Began as a Deep Elf Fire Elementalist on June 6, 2018.
             Killed from afar by an orc wizard (12 damage)
             ... with a puff of flame
             ... on level 4 of the Dungeon.
             The game lasted 00:03:55 (2960 turns).

pk666 the Magician (Deep Elf Fire Elementalist)     Turns: 2960, Time: 00:03:55

Health: 0/28       AC:  2    Str:  5    XL:     5   Next: 13%
Magic:  4/13       EV: 13    Int: 21    God:
Gold:   168        SH:  0    Dex: 15    Spells: 11/12 levels left

rFire    . . .     SeeInvis .   (no weapon)
rCold    . . .     Gourm    .   (no shield)
rNeg     . . .     Faith    .   a - +0 robe
rPois    .         Spirit   .   (no helmet)
rElec    .         Reflect  .   (no cloak)
rCorr    .         Harm     .   (no gloves)
MR       .....                  (no boots)
Stlth    ++........             (no amulet)
HPRegen  0.09/turn              (no ring)
MPRegen  0.13/turn              (no ring)

@: no status effects
A: no striking features
a: no special abilities


You were on level 4 of the Dungeon.
You were not hungry.

You visited 1 branch of the dungeon, and saw 4 of its levels.

You collected 168 gold pieces.

Inventory:

Armour
 a - a +0 robe (worn)
Jewellery
 m - an uncursed ring of positive energy {unknown}
Scrolls
 f - a scroll of enchant armour {unknown}
 h - 3 scrolls of identify {unknown}
 j - a scroll of remove curse {unknown}
Potions
 b - a potion of cancellation {unknown}
 d - a potion of degeneration {unknown}
 e - 3 potions of heal wounds {unknown}
 g - a potion of lignification {unknown}
 i - a potion of ambrosia {unknown}
 k - a potion of haste {unknown}
Comestibles
 c - 10 rations
 l - a chunk of flesh


   Skills:
 - Level 2.4 Dodging
 - Level 2.4 Stealth
 + Level 4.4 Spellcasting
 * Level 4.0 Conjurations
 + Level 4.2 Fire Magic


You had 11 spell levels left.
You knew the following spells:

 Your Spells              Type           Power        Failure   Level  Hunger
a - Flame Tongue          Conj/Fire      ###..        2%          1    None

Your spell library contained the following spells:

 Spells                   Type           Power        Failure   Level  Hunger
 Fireball                 Conj/Fire      ###.......   52%         5    ######.
 Conjure Flame            Conj/Fire      ###.....     6%          3    ##.....
 Throw Flame              Conj/Fire      ###...       3%          2    #......
 Sticky Flame             Conj/Fire      ###.....     22%         4    ####...
 Inner Flame              Hex/Fire       ##......     14%         3    ##.....


Dungeon Overview and Level Annotations

Branches:
Dungeon (4/15)
 Temple: D:4-7

Altars:
Fedhas
Sif Muna


Message History

The orc priest hits you with a hand axe!
Casting: Flame Tongue (safe; 2% risk of failure)
Confirm with . or Enter, or press ? or * to list all spells.
Aiming: Flame Tongue (safe; 2% risk of failure)
Press: ? - help, Shift-Dir - straight line, f/p - orc priest
Aim: an orc priest, wielding a hand axe (almost dead)
The flame tongue hits the orc priest.
You kill the orc priest!
Your Conjurations skill increases to level 4!
You have reached level 5!
Casting: Flame Tongue (safe; 2% risk of failure)
Confirm with . or Enter, or press ? or * to list all spells.
Aiming: Flame Tongue (safe; 2% risk of failure)
Press: ? - help, Shift-Dir - straight line, f - orc
Aim: an orc, wielding a dagger The flame tongue hits something.
You hear some strange, mumbled words.
A puff of flame appears from out of thin air!
The puff of flame hits you!
You die...

#........#.........
#).......#.########
#........#...######
#..(....)#.........
#..#....)....######
#.............#
...#....###.#.#
#..##.#.##....######.##
#.#.#......@)o.....
...........##......
#....#(....## ##.##
...........#
..........# #...(......
.....##### ....


You could see an orc.

Vanquished Creatures
  2 orc priests (D:4)
  An orc wizard (D:4)
  An ooze (D:1)
  3 worms
  A dart slug (D:3)
  5 orcs
  3 giant cockroaches
  A hobgoblin (D:2)
  A quokka (D:3)
  2 ball pythons
  6 bats
  3 frilled lizards
  11 goblins
  7 kobolds
  5 rats
52 creatures vanquished.

Notes
Turn   | Place    | Note
-------+----------+-------------------------------------------
     0 | D:1      | pk666 the Deep Elf Fire Elementalist began the quest for the Orb.
     0 | D:1      | Reached XP level 1. HP: 10/10 MP: 6/6
   317 | D:1      | Reached XP level 2. HP: 14/15 MP: 4/8
  1019 | D:2      | Reached XP level 3. HP: 19/19 MP: 8/10
  2629 | D:3      | Found a blossoming altar of Fedhas.
  2685 | D:3      | Found a deep blue altar of Sif Muna.
  2866 | D:4      | Reached XP level 4. HP: 21/24 MP: 4/12
  2959 | D:4      | Reached XP level 5. HP: 12/28 MP: 4/13
  2960 | D:4      | Killed from afar by an orc wizard

Vault maps used:
D:1:      dpeg_arrival_shrine
D:2:      first_ration
D:3:      lemuel_crystal_altar, fedhas_altar_fruit_tree
D:4:      minmay_temple_entry_steel_oval

Skill      XL: |  1  2  3  4 |
---------------+-------------+-----
Conjurations   | 2 3 4 |  4.0
Spellcasting   | 4 |  4.4
Fire Magic     | 4 |  4.2
Dodging        | |  2.4
Stealth        | |  2.4

Action                   |  1- 3 |  4- 6 || total
-------------------------+-------+-------++-------
Melee: Unarmed           |     2 |       ||     2
 Cast: Flame Tongue      |   106 |    12 ||   118
  Eat: Chunk             |     5 |     1 ||     6
Armor: Robe              |     7 |       ||     7
Dodge: Dodged            |    40 |     3 ||    43

Table legend:
 A = Spawn XP
 B = Non-spawn XP
 C = Spawn XP percentage of total XP
 D = Spawn monster count
 E = Non-spawn monster count
 F = Spawn count percentage of total count
 G = Total turns spent on level
                    A         B        C        D         E        F      G
               +---------+---------+-------+---------+---------+-------+---------
         Total |       0 |     221 |   0.0 |       0 |      52 |   0.0 |  2960
               +---------+---------+-------+---------+---------+-------+---------
           D:1 |       0 |      30 |   0.0 |       0 |      17 |   0.0 |   861
           D:2 |       0 |      24 |   0.0 |       0 |      13 |   0.0 |  1127
           D:3 |       0 |      37 |   0.0 |       0 |      17 |   0.0 |   849
           D:4 |       0 |     130 |   0.0 |       0 |       5 |   0.0 |   123
               +---------+---------+-------+---------+---------+-------+---------
